 Dungeon Crawl Stone Soup version 0.25-a0-84-g11f2770c52 (webtiles) character file.

Game seed: 9854741231835161314, levelgen mode: deterministic

56 Flugkiller the Cutter (level 3, 0/22 HPs)
             Began as a Deep Elf Abyssal Knight on Nov 7, 2019.
             Was a Follower of Lugonu.
             Killed from afar by an orc wizard (7 damage)
             ... with a magic dart
             ... on level 2 of the Dungeon.
             The game lasted 00:04:13 (2763 turns).

Flugkiller the Cutter (Deep Elf Abyssal Knight)     Turns: 2763, Time: 00:04:13

Health: 0/22       AC:  3    Str:  9    XL:     3   Next: 69%
Magic:  6/6        EV: 12    Int: 16    God:    Lugonu [*.....]
Gold:   155        SH:  0    Dex: 15    Spells: 2/2 levels left

rFire    . . .     SeeInvis .   a - +1 short sword
rCold    . . .     Gourm    .   (no shield)
rNeg     . . .     Faith    .   n - +0 leather armour
rPois    .         Spirit   .   (no helmet)
rElec    .         Reflect  .   (no cloak)
rCorr    .         Harm     .   (no gloves)
MR       .....                  (no boots)
Stlth    ++........             (no amulet)
HPRegen  0.07/turn              (no ring)
MPRegen  0.10/turn              (no ring)

@: no status effects
A: no striking features
a: Depart the Abyss, Renounce Religion


You were on level 2 of the Dungeon.
You worshipped Lugonu.
Lugonu was aware of your devotion.
You were not hungry.

You visited 1 branch of the dungeon, and saw 3 of its levels.
You visited the Abyss 1 time.

You collected 155 gold pieces.

Inventory:

Hand Weapons
 a - a +1 short sword (weapon)
 b - a +0 hunting sling
   (You found it on level 2 of the Dungeon)
 t - a +1 war axe of pain
   (You took it off an orc on level 2 of the Dungeon)
Missiles
 p - 27 stones
 r - 14 poisoned darts (quivered)
Armour
 d - a +0 ring mail
   (You found it on level 1 of the Abyss)
 n - a +0 leather armour (worn)
Scrolls
 e - a scroll of blinking {unknown}
 f - a scroll of magic mapping
 h - a scroll of remove curse
 j - a scroll of immolation {unknown}
 o - a scroll of fear {unknown}
 q - a scroll of noise {unknown}
 s - a scroll of random uselessness {unknown}
Potions
 g - a potion of resistance
 i - a potion of haste
 k - a potion of cancellation
 l - a potion of ambrosia
 m - 3 potions of magic
Comestibles
 c - 8 rations
 u - 4 chunks of flesh


   Skills:
 - Level 2.4 Fighting
 - Level 4.0 Short Blades
 - Level 0.7 Armour
 - Level 2.4 Dodging
 + Level 1.1 Stealth
 - Level 2.0 Invocations


You had 2 spell levels left.
You didn't know any spells.
Your spell library was empty.

Dungeon Overview and Level Annotations

Branches:
Dungeon (3/15)

Altars:


Message History

The orc shouts!
The orc wizard casts a cantrip, but nothing happens.
There is a stone staircase leading up here.
Throwing (i - inventory. (/) - cycle)
r - 18 poisoned darts (quivered)
Press: ? - help, Shift-Dir - straight line, f - orc wizard
Aim: an orc wizard, wielding a +0 dagger and wearing a +0 robe You throw a poisoned dart.
The poisoned dart hits the orc wizard.
Throwing (i - inventory. (/) - cycle)
r - 17 poisoned darts (quivered)
Press: ? - help, Shift-Dir - straight line, f/p - orc wizard
Aim: an orc wizard, wielding a +0 dagger and wearing a +0 robe You throw a poisoned dart.
The poisoned dart hits the orc wizard.
The orc wizard is poisoned.
Throwing (i - inventory. (/) - cycle)
r - 16 poisoned darts (quivered)
Press: ? - help, Shift-Dir - straight line, f/p - orc wizard
Aim: an orc wizard, wielding a +0 dagger and wearing a +0 robe (poisoned)
You throw a poisoned dart. The poisoned dart hits the orc wizard.
The orc wizard looks even sicker.
The orc wizard hits you with a +0 dagger.
You climb upwards.
There is a stone staircase leading down here.
Unknown command.
Unknown command.
You hit the orc wizard but do no damage.
The orc wizard hits you with a +0 dagger.
You are too injured to fight recklessly!
You closely miss the orc wizard. You hit the orc wizard.
The orc wizard is lightly wounded.
The orc wizard hits you with a +0 dagger.
* * * LOW HITPOINT WARNING * * *
There is a stone staircase leading up here.
Throwing (i - inventory. (/) - cycle)
r - 15 poisoned darts (quivered)
Press: ? - help, Shift-Dir - straight line, f - orc wizard
Aim: an orc wizard, wielding a +0 dagger and wearing a +0 robe (heavily wounded, poisoned)
You throw a poisoned dart. The poisoned dart hits the orc wizard.
The orc wizard is heavily wounded.
The orc wizard casts a spell at you. The magic dart hits you.
* * * LOW HITPOINT WARNING * * *
Okay, then.
You hit the orc wizard but do no damage.
The orc wizard is severely wounded.
The orc wizard gestures wildly while chanting.
The orc wizard flickers and vanishes!
Deactivating autopickup; reactivate with Ctrl-A.
Unknown command.
Unknown command.
A magic dart appears from out of thin air!
The magic dart hits you!
You die...

.# #.# #.# #.# #.#.# #.## .# #.#
#.#####.#####[#.# #..# .###.#
#...............# #.#. .....#
#.######.###...## #.## .....#
#.######.##.....## #... .###.#
#.....##.#.......## ##.#
.###.####.....##..........####...
...<..........{...........'.[....
####.####.....##@....[....####...
####.# #......<.#..>....## ##.#
.....# #.....#####..)..## ##.
###### #.....# ##...## #. ###.###
##'## #. # #.# #.# #. # #.# #.#
#. # #.# ##.## #. #.#
##...#########.


There were no monsters in sight!

Vanquished Creatures
  An adder (D:2)
  A worm (D:2)
  A leopard gecko (D:1)
  3 orcs (D:2)
  A giant cockroach (D:1)
  A goblin (D:1)
  7 hobgoblins
  A quokka (D:2)
  A ball python (D:1)
  9 bats
  2 frilled lizards
  10 kobolds
  A rat (D:1)
39 creatures vanquished.

Notes
Turn   | Place    | Note
-------+----------+-------------------------------------------
     0 | Abyss:1  | Flugkiller the Deep Elf Abyssal Knight began the quest for
                  | the Orb.
     0 | Abyss:1  | Reached XP level 1. HP: 13/13 MP: 4/4
    94 | Abyss:1  | Noticed a thrashing horror
    95 | Abyss:1  | Noticed a small abomination
    96 | D:1      | Escaped the Abyss
   241 | D:1      | Reached * piety under Lugonu
   403 | D:1      | Reached XP level 2. HP: 15/18 MP: 5/5
   527 | D:1      | Reached skill level 3 in Short Blades
  1276 | D:2      | Reached XP level 3. HP: 15/22 MP: 6/6
  2566 | D:2      | Reached skill level 4 in Short Blades
  2736 | D:2      | Reached skill level 1 in Stealth
  2763 | D:2      | Killed from afar by an orc wizard

Levels and vault maps discovered:
D:1:      eino_arrival_cavern_a, layout_basic
D:2:      layout_loops_corners, minmay_pentomino_w4
D:3:      layout_basic, grunt_temple_overflow_growth_and_decay,
          old_standard_altar, marbit_many_paths, first_ration

Skill      XL: |  1  2  3 |
---------------+----------+-----
Short Blades   | 3 4 |  4.0
Stealth        | 1 |  1.1
Fighting       | |  2.4
Armour         | |  0.7
Dodging        | |  2.4
Invocations    | |  2.0

Action                   || total
-------------------------++-------
Melee: Short sword       ||   128
       War axe           ||     6
 Fire: Hunting sling     ||     2
Throw: Dart              ||     6
Invok: Depart the Abyss  ||     1
  Use: Scroll            ||     7
 Stab: Sleeping          ||     1
  Eat: Chunk             ||     6
Armor: Leather armour    ||    44
Dodge: Dodged            ||   124

Table legend:
 A = Non-vault XP
 B = Vault XP
 C = Vault XP percentage of total XP
 D = Non-vault monster count
 E = Vault monster count
 F = Vault count percentage of total count
                 A         B        C        D         E       F
            +---------+---------+-------+---------+---------+-------
      Total |      56 |      24 |  30.0 |      32 |       7 |  17.9
            +---------+---------+-------+---------+---------+-------
        D:1 |      35 |       0 |   0.0 |      23 |       0 |   0.0
        D:2 |      20 |      24 |  54.5 |       8 |       7 |  46.7
        D:3 |       1 |       0 |   0.0 |       1 |       0 |   0.0
            +---------+---------+-------+---------+---------+-------
